 Dungeon Crawl Stone Soup version 0.28.0 (webtiles) character file.

Game seed: 6437823181660606101

7458 chmiii the Cudgeller (level 10, 0/100 HPs)
             Began as a Troll Hunter on Feb 10, 2022.
             Was an Elder of Lugonu.
             Killed from afar by an electric eel (8 damage)
             ... with a bolt of electricity
             ... on level 10 of the Dungeon.
             The game lasted 00:47:01 (7208 turns).

chmiii the Cudgeller (Troll Hunter)                 Turns: 7208, Time: 00:47:02

Health: 0/100      AC:  9    Str: 26    XL:     10   Next: 94%
Magic:  0/11       EV:  9    Int:  2    God:    Lugonu [****..]
Gold:   526        SH: 12    Dex: 25    Spells: 9/9 levels left

rFire   + . .      SeeInvis .   a - +3 mace of Compound Interest {vorpal, rC+ Dex+3}
rCold   + . .      Faith    .   j - +0 kite shield
rNeg    . . .      Spirit   +   x - +0 acid dragon scales
rPois   +          Reflect  .   (helmet restricted)
rElec   .          Harm     .   (no cloak)
rCorr   +          Rampage  .   (gloves unavailable)
Will    .....                   (boots unavailable)
Stlth   ++........              g - amulet of guardian spirit
HPRegen 1.06/turn               d - ring "Sunn" {rPois rF+ Str+4 Int-5 Dex+2}
MPRegen 0.12/turn               B - +6 ring of dexterity

@: no status effects
A: large, unfitting armour, claws 3, regeneration 1, shaggy fur 1, tough skin 1
a: Renounce Religion, Depart the Abyss, Bend Space, Banish, Corrupt


You were on level 10 of the Dungeon.
You worshipped Lugonu.
Lugonu was greatly pleased with you.
You visited 1 branch of the dungeon, and saw 10 of its levels.

You collected 610 gold pieces.
You spent 84 gold pieces at shops.

Inventory:

Hand Weapons
 a - the +3 mace of Compound Interest (weapon) {vorpal, rC+ Dex+3}
   (You found it on level 3 of the Dungeon)

   It inflicts extra damage upon your enemies.
   Dex:       It affects your dexterity (+3).
   rC:        It protects you from cold.
 b - a +1 hunting sling
Missiles
 m - 76 sling bullets
 A - 7 poisoned darts (quivered)
Armour
 j - a +0 kite shield (worn)
 k - a +2 robe of fire resistance
 x - +0 acid dragon scales (worn)
Jewellery
 d - the ring "Sunn" (left claw) {rPois rF+ Str+4 Int-5 Dex+2}
   (You acquired it on level 5 of the Dungeon)

   [ring of protection from fire]

   Str:       It affects your strength (+4).
   Int:       It affects your intelligence (-5).
   Dex:       It affects your dexterity (+2).
   rF:        It protects you from fire.
   rPois:     It protects you from poison.
 g - an amulet of guardian spirit (around neck)
 s - a ring of ice
 y - a ring of positive energy
 B - a +6 ring of dexterity (right claw)
Wands
 n - a wand of charming (3)
 z - a wand of iceblast (5)
Scrolls
 e - a scroll of identify
 q - 2 scrolls of teleportation
 t - a scroll of amnesia {unknown}
 w - a scroll of enchant armour
Potions
 f - 2 potions of heal wounds {unknown}
 h - 4 potions of brilliance
 i - a potion of invisibility
 l - a potion of resistance
 p - a potion of lignification {unknown}
 r - 3 potions of curing
 u - a potion of haste {unknown}
 v - a potion of cancellation


   Skills:
 + Level 6.8 Fighting
 + Level 7.0 Maces & Flails
 - Level 6.0 Throwing
 + Level 6.5 Armour
 - Level 1.9 Dodging
 - Level 0.3 Stealth
 + Level 6.3 Shields
 + Level 2.8 Invocations


You had 9 spell levels left.
You didn't know any spells.
Your spell library contained the following spells:

 Spells                   Type           Power      Damage    Failure   Level
 Summon Small Mammal      Summ           0%         N/A       86%         1
 Corpse Rot               Necr/Air       0%         N/A       94%         2
 Poisonous Vapours        Pois/Air       0%         N/A       94%         2
 Call Canine Familiar     Summ           0%         N/A       99%         3
 Summon Guardian Golem    Hex/Summ       0%         N/A       99%         3


Dungeon Overview and Level Annotations

Branches:
Dungeon (10/15)            Temple (0/1) D:7
   Lair: D:8-11         Orc: D:9-12

Altars:
Ashenzari
Cheibriados
Dithmenos
Elyvilon
Fedhas
Nemelex Xobeh
Qazlal
Zin
Lugonu

Shops:
D:5 *

Annotations:
D:4 3 runed translucent doors, Jingleheimer's ghost, amateur MiHu; axecop's ghost, weakling DsAK; badtown22's ghost, amateur HOGl; hikkokomori's ghost, amateur FoFi; js333's ghost, amateur DECj


Innate Abilities, Weirdness & Mutations

You are too large for most types of armour.
You have claws for hands.
Your natural rate of healing is unusually fast.
You are covered in fur. (AC +1)
You have tough skin. (AC +1)


Message History

The bolt of electricity hits you!
Throw: 3 large rocks
Press: ? - help, Q - select action, (/) - cycle Shift-Dir - straight line, f/p - electric eel
Aim: an electric eel (water, moderately wounded, 56% to hit)
You throw a large rock. The large rock hits the electric eel!!!
You kill the electric eel!
Lugonu accepts your kill.
You hear a splash.
An electric eel comes into view.
Throw: 2 large rocks
Press: ? - help, Q - select action, (/) - cycle Shift-Dir - straight line, f - electric eel
Aim: an electric eel (56% to hit)
You throw a large rock. The large rock misses the electric eel.
The large rock closely misses the electric eel.
You hear a splash.
The electric eel shoots out a bolt of lightning at you!
The bolt of electricity hits you.
The electric eel shoots out a bolt of lightning at you!
The bolt of electricity hits you. x2
Throw: large rock
Press: ? - help, Q - select action, (/) - cycle Shift-Dir - straight line, f/p - electric eel
Aim: an electric eel (56% to hit)
You throw a large rock.
The large rock barely misses the electric eel.
You hear a splash.
The electric eel shoots out a bolt of lightning at you!
The bolt of electricity hits you! x2
An electric eel comes into view.
The electric eel shoots out a bolt of lightning at you!
The bolt of electricity hits you! x2
* * * LOW HITPOINT WARNING * * *
The electric eel shoots out a bolt of lightning at you!
The bolt of electricity hits you.
* * * LOW HITPOINT WARNING * * *
The electric eel shoots out a bolt of lightning at you!
The bolt of electricity hits you!
* * * LOW HITPOINT WARNING * * *
The electric eel shoots out a bolt of lightning at you!
The bolt of electricity hits you!
You die...

...≈≈≈≈...≈(.≈≈≈.......
≈≈≈≈≈≈≈≈≈..≈SS≈.≈......
.≈≈≈≈≈≈≈≈≈≈≈≈≈≈≈.......
...≈≈..≈≈.≈≈≈..≈.......
..≈.......≈.≈....≈.....
........................#
.....................#
...........######....###
#........@#....'......#
#.........#....#......#
#....>....#....#......#
#.........##†###......+
#.........†.†.........#
#.....................#
#####.....####...........##
#.........#..#...........+
. #.........#..#.....#####


You could see 2 electric eels.

Vanquished Creatures
  A two-headed ogre (D:9)
  A cyclops (D:7)
  Joseph (D:7)
  Maggie (D:7)
  A troll (D:10)
  A hornet (D:7)
  The ghost of js333 the Conjurer, an amateur DECj (D:3)
  A wyvern (D:7)
  5 yaks
  A water moccasin (D:6)
  Duvessa (D:7)
  4 orc warriors
  An ice beast (D:8)
  A sky beast (D:5)
  A black bear (D:8)
  4 necrophages
  3 wolves (D:10)
  5 ogres
  3 phantoms
  2 centaurs
  A kobold brigand (D:8)
  A gnoll sergeant (D:9)
  2 scorpions
  A water moccasin zombie (D:6)
  Dowan (D:7)
  A water moccasin skeleton (D:4)
  7 wights (D:8)
  6 killer bees (D:7)
  3 howler monkeys
  3 electric eels
  A centaur zombie (D:9)
  A bullfrog zombie (D:5)
  A jelly (D:5)
  7 orc priests
  6 hounds
  An iguana (D:3)
  Terence (D:2)
  7 orc wizards
  A hound zombie (D:5)
  A mummy (D:8)
  A howler monkey zombie (D:8)
  10 gnolls
  11 adders
  3 white imps (D:7)
  A worm (D:2)
  2 dart slugs
  32 orcs
  8 endoplasms
  2 giant cockroaches
  5 hobgoblins
  2 jackals (D:1)
  7 kobolds
  3 quokkas
  6 ball pythons
  2 bats
  4 frilled lizards (D:1)
  7 goblins
  9 rats
207 creatures vanquished.

Vanquished Creatures (others)
  A gnoll (D:7)
1 creature vanquished.

Grand Total: 208 creatures vanquished

Notes
Turn   | Place    | Note
-------+----------+-------------------------------------------
     0 | D:1      | chmiii the Troll Hunter began the quest for the Orb.
     0 | D:1      | Reached XP level 1. HP: 19/19 MP: 0/0
    96 | D:1      | Reached XP level 2. HP: 21/28 MP: 1/1
   150 | D:1      | Found a faded altar of an unknown god.
   189 | D:1      | Prayed at the altar of an unknown god.
   189 | D:1      | Became a worshipper of Lugonu the Unformed
   189 | D:1      | Reached * piety under Lugonu
   189 | D:1      | Reached ** piety under Lugonu
   338 | D:1      | Reached XP level 3. HP: 35/35 MP: 2/2
   451 | D:1      | Reached skill level 1 in Maces & Flails
   628 | D:2      | Reached skill level 1 in Armour
   660 | D:2      | Noticed Terence
   661 | D:2      | Killed Terence
   662 | D:2      | Reached XP level 4. HP: 42/42 MP: 3/3
  1229 | D:3      | Found a runed translucent door.
  1232 | D:3      | Noticed js333's ghost (amateur DECj)
  1297 | D:3      | Reached skill level 1 in Shields
  1349 | D:3      | Reached *** piety under Lugonu
  1650 | D:3      | Found a sparkling altar of Nemelex Xobeh.
  1823 | D:3      | Reached XP level 5. HP: 37/50 MP: 4/4
  1931 | D:4      | Reached skill level 2 in Maces & Flails
  1949 | D:4      | Noticed an ogre
  1967 | D:4      | Killed an ogre
  1968 | D:4      | Reached XP level 6. HP: 48/59 MP: 5/5
  2053 | D:4      | Found a runed translucent gate.
  2054 | D:4      | Found a runed translucent gate.
  2054 | D:4      | Found a runed translucent gate.
  2054 | D:4      | Noticed badtown22's ghost (amateur HOGl)
  2054 | D:4      | Noticed Jingleheimer's ghost (amateur MiHu)
  2055 | D:4      | Noticed js333's ghost (amateur DECj)
  2055 | D:4      | Noticed axecop's ghost (weakling DsAK)
  2055 | D:4      | Noticed hikkokomori's ghost (amateur FoFi)
  2539 | D:4      | You fall into a shaft and drop 2 floors!
  2545 | D:6      | Noticed an orc warrior
  2575 | D:6      | Killed an orc warrior
  2576 | D:6      | Reached XP level 7. HP: 50/67 MP: 2/6
  2596 | D:6      | Reached skill level 3 in Maces & Flails
  2604 | D:6      | Reached skill level 5 in Throwing
  2772 | D:5      | Entered Level 5 of the Dungeon
  2791 | D:5      | Noticed a yak
  2791 | D:5      | Noticed a yak
  2791 | D:5      | Noticed a yak
  2908 | D:5      | Reached XP level 8. HP: 28/78 MP: 2/7
  3196 | D:3      | Killed js333's ghost
  3214 | D:3      | Identified the +3 mace of Compound Interest {vorpal, rC+
                  | Dex+3}
  3371 | D:5      | Reached skill level 4 in Maces & Flails
  3583 | D:5      | Reached **** piety under Lugonu
  3654 | D:5      | Reached XP level 9. HP: 56/85 MP: 4/8
  3690 | D:5      | Reached skill level 5 in Fighting
  3821 | D:5      | Reached skill level 5 in Maces & Flails
  3873 | D:5      | Found Buvvuu Daamu's Assorted Antiques.
  3882 | D:5      | Bought a scroll labelled WUEMAOS ZAKHLEA for 28 gold pieces
  3882 | D:5      | Bought a scroll labelled DUJOGAUGER for 28 gold pieces
  3882 | D:5      | Bought a scroll labelled CIRREH XAUFF for 28 gold pieces
  4122 | D:5      | Found a stormy altar of Qazlal.
  4305 | D:5      | Identified a scroll of acquirement
  4305 | D:5      | Acquired the ring "Sunn" {rPois rF+ Str+4 Int-5 Dex+2}
  4700 | D:4      | Reached skill level 5 in Armour
  4875 | D:7      | Noticed a cyclops
  4878 | D:7      | Noticed Joseph
  4880 | D:7      | Killed a cyclops
  4881 | D:7      | Reached skill level 5 in Shields
  4887 | D:7      | Killed Joseph
  4910 | D:7      | Noticed Maggie
  4925 | D:7      | Killed Maggie
  4926 | D:7      | Reached skill level 6 in Maces & Flails
  4926 | D:7      | Reached XP level 10. HP: 52/98 MP: 4/9
  5091 | D:7      | Noticed Duvessa
  5091 | D:7      | Noticed Dowan
  5266 | D:7      | Found a staircase to the Ecumenical Temple.
  5281 | D:7      | Killed Duvessa
  5288 | D:7      | Killed Dowan
  5538 | D:8      | Reached skill level 1 in Invocations
  5684 | D:8      | Found a snail-covered altar of Cheibriados.
  5934 | D:8      | Found a white marble altar of Elyvilon.
  6160 | D:8      | Found a shadowy altar of Dithmenos.
  6314 | D:9      | Noticed a two-headed ogre
  6321 | D:9      | Killed a two-headed ogre
  6514 | D:9      | Found a blossoming altar of Fedhas.
  6514 | D:9      | Found a faded altar of an unknown god.
  6522 | D:9      | Found a broken altar of Ashenzari.
  6524 | D:9      | Found a faded altar of an unknown god.
  6526 | D:9      | Found a glowing silver altar of Zin.
  7001 | D:10     | Entered Level 10 of the Dungeon
  7055 | D:10     | Reached skill level 7 in Maces & Flails
  7208 | D:10     | Killed from afar by an electric eel

Illustrated notes

Levels and vault maps discovered:
D:1:      ncdulo_smallfort, layout_rooms, shapermc_ecumenical_altar_petra,
          minmay_misc_feat_diagonals, minmay_tromino_i4
D:2:      layout_loops_cross, uniq_terence
D:3:      layout_basic, nemelex_xobeh_ov_fountains_minmay, ebering_ghost_sewer_d
D:4:      layout_layer_cave, gammafunk_ghost_cemetery
D:5:      layout_basic, nicolae_qazlal_eye_of_the_storm, serial_shops,
          nicolae_lakefront_shop, st_stairs_12
D:6:      layout_rooms
D:7:      layout_basic, minmay_temple_entry_wispy, uniq_duvessa, uniq_joseph,
          uniq_maggie
D:8:      layout_rooms, mainiacjoe_overflow_six_doors_small, old_standard_altar,
          slow_altar_1, nicolae_lava_and_water
D:9:      layout_irregular_city, chequers_temple_overflow_minitemple
D:10:     lemuel_castle_with_subvaults [lemuel_castle_interior_original],
          layout_irregular_city, kennysheep_mini, erik_lair_island,
          small_statue_alley_a

Skill      XL: |  1  2  3  4  5  6  7  8  9 10 |
---------------+-------------------------------+-----
Maces & Flails | 1 2 3 4 6 7 |  7.0
Fighting       | 2 3 4 5 6 |  6.8
Armour         | 1 2 3 4 5 6 |  6.5
Throwing       | 4 5 6 |  6.0
Shields        | 1 2 4 5 6 |  6.3
Invocations    | 2 |  2.8
Dodging        | |  1.9
Stealth        | |  0.3

Action                   |  1- 3 |  4- 6 |  7- 9 | 10-12 || total
-------------------------+-------+-------+-------+-------++-------
Melee: Unarmed           |    86 |   209 |   124 |       ||   419
       Short sword       |     1 |       |       |       ||     1
       Punch             |     1 |       |       |       ||     1
       Mace              |       |       |   197 |   234 ||   431
Throw: Large rock        |     1 |     6 |    25 |    17 ||    49
       Throwing net      |       |     2 |       |       ||     2
       Boomerang         |       |       |     7 |    14 ||    21
  Use: Scroll            |       |     3 |     7 |     5 ||    15
 Stab: Sleeping          |     2 |     1 |       |     2 ||     5
       Held in net/web   |       |     1 |       |       ||     1
Armor: Robe              |    30 |    56 |    59 |       ||   145
       Acid dragon scale |       |       |       |    74 ||    74
Dodge: Dodged            |    46 |    82 |    76 |   111 ||   315
Block: Kite shield       |     9 |    64 |   142 |   180 ||   395
